 Dungeon Sprint DCSS version 0.17.1-3-g152610e (webtiles) character file.

359 Elvalys the Unseen (level 6, -18/27 HPs)
             Began as a Spriggan Assassin on Apr 2, 2016.
             Was the Champion of Jiyva.
             Killed by a guardian mummy's death curse (31 damage)
             ... in the Dungeon (Sprint VII: "The Pits").
             The game lasted 00:03:47 (337 turns).

Elvalys the Unseen (Spriggan Assassin)               Turns: 337, Time: 00:03:48

Health: -18/27     AC:  3    Str:  8    XL:     6   Next: 37%
Magic:  7/7        EV: 17    Int: 11    God:    Jiyva [******]
Gold:   0          SH:  0    Dex: 20    Spells: 0 memorised, 5 levels left

rFire  . . .     SeeInvis +     a - +2 dagger
rCold  + . .     Clarity  .     c - +0 robe
rNeg   . . .     SustAt   .     (shield restricted)
rPois  .         Gourm    .     (helmet restricted)
rElec  .         Spirit   .     d - +0 cloak
rCorr  +         Warding  .     (gloves unavailable)
rMut   .         NoTele   +     (boots unavailable)
MR     +....                    (no amulet)
Stlth  +++++++++.               (no ring)
                                (no ring)

@: very quick, somewhat resistant to hostile enchantments, incredibly stealthy
A: unfitting armour, beak, talons 1, see invisible, cold resistance 1, herbivore
3, speed 3, frail 1, slow metabolism 2, acidic bite, eyeballs 1, gelatinous body
1, pseudopods 2, jelly absorbing missiles
a: Request Jelly, Jelly Paralyse, Slimify, Cure Bad Mutation, Renounce Religion


You were in the Dungeon.
You worshipped Jiyva.
Jiyva was exalted by your worship.
You were full.

You visited 1 branch

Inventory:

Hand Weapons
 a - a +2 dagger (weapon)
 b - a +0 blowgun
 s - a +1 dagger of electrocution
 t - a +2 long sword of flaming
Missiles
 e - 8 poisoned needles
 f - 2 curare-tipped needles
Armour
 c - a +0 robe (worn)
 d - a +0 cloak (worn)
Scrolls
 m - a scroll of blinking
 p - 3 scrolls of remove curse
 q - 5 scrolls of amnesia
 r - a scroll of summoning
Potions
 h - 6 potions of curing
 i - 6 potions of heal wounds
 j - a potion of haste
 k - 4 potions of magic
 l - 3 potions of berserk rage
 o - 2 potions of invisibility
Comestibles
 g - 8 bread rations
 n - 40 fruits


   Skills:
 - Level 1.5 Fighting
 - Level 2.1 Short Blades
 - Level 2.0 Throwing
 - Level 1.5 Dodging
 + Level 19.6 Stealth


You had 5 spell levels left.
You didn't know any spells.

Dungeon Overview and Level Annotations

Branches:
Dungeon (1/1)

Altars:
Ashenzari
Cheibriados
Dithmenos
Elyvilon
Fedhas
Gozag
Kikubaaqudgha
Makhleb
Nemelex Xobeh
Okawaru
Qazlal
Ru
Sif Muna
Trog
Vehumet
Xom
Yredelemnul
Zin
The Shining One
Beogh
Jiyva
Lugonu


Innate Abilities, Weirdness & Mutations

You are tiny and cannot use many weapons and most armour.
You have supernaturally acute eyesight.
You are a herbivore.
You cover ground extremely quickly.
You need consume almost no food.
You have a beak for a mouth.
You have sharp toenails.
Your flesh is cold resistant.
You are frail (-10% HP).
You have acidic saliva.
Your body is partially covered in golden eyeballs (Acc +3).
Your rubbery body absorbs attacks (AC +1).
Armour fits poorly on your large pseudopods.
You have a small jelly attached to you that may absorb incoming projectiles.


Message History

Increase (S)trength, (I)ntelligence, or (D)exterity?
You feel agile.
Your azure jelly dissolves into a puddle of slime!
You open the door.
A phantom comes into view.
There is an open door here.
The helpless phantom fails to defend itself.
You stick the phantom like a pincushion!!!!
You destroy the phantom!
Your Stealth skill increases to level 19!
You open the door.
A guardian mummy comes into view.
There is an open door here.
The helpless guardian mummy fails to defend itself.
You spit the guardian mummy like a pig!!!!
You destroy the guardian mummy!
You feel extremely nervous for a moment...
You convulse helplessly as pain tears through your body!
Ouch! That really hurt!
You die...

#J#........##.......#
#.#........##.......#
#'###########.......#
#......†# #########
#..###..# #.......#
##.###.##+#
#......)#.+
#..###..#@#
#.......'.#
###########


There were no monsters in sight!

Vanquished Creatures
  A phantom (D)
  A quasit (D)
  A hound (D)
  An adder (D)
  2 gnolls (D)
  2 giant geckos (D)
  A ball python (D)
  A bat zombie (D)
  A hobgoblin (D)
  A quokka (D)
  A rat (D)
13 creatures vanquished.

Vanquished Creatures (collateral kills)
  Grinder (D)
  A gnoll sergeant (D)
  Terence (D)
  4 gnolls (D)
  An ufetubus (D)
  A quokka (D)
9 creatures vanquished.

Vanquished Creatures (others)
  A jelly (D)
1 creature vanquished.

Grand Total: 23 creatures vanquished

Notes
Turn   | Place    | Note
--------------------------------------------------------------
     0 | D        | Elvalys the Spriggan Assassin began the quest for the Orb.
     0 | D        | Reached XP level 1. HP: 10/10 MP: 2/2
    11 | D        | Reached skill level 6 in Stealth
    30 | D        | Found a sacrificial altar of Ru.
    30 | D        | Found a shadowy altar of Dithmenos.
    30 | D        | Found a bloodstained altar of Trog.
    30 | D        | Found a deep blue altar of Sif Muna.
    30 | D        | Found a shimmering altar of Xom.
    30 | D        | Found a sparkling altar of Nemelex Xobeh.
    30 | D        | Found a corrupted altar of Lugonu.
    30 | D        | Found a viscous altar of Jiyva.
    31 | D        | Found a basalt altar of Yredelemnul.
    31 | D        | Found a glowing golden altar of the Shining One.
    31 | D        | Found a shattered altar of Ashenzari.
    31 | D        | Found a white marble altar of Elyvilon.
    31 | D        | Found a snail-covered altar of Cheibriados.
    31 | D        | Found a blossoming altar of Fedhas.
    31 | D        | Found a radiant altar of Vehumet.
    31 | D        | Found a burning altar of Makhleb.
    31 | D        | Found an ancient bone altar of Kikubaaqudgha.
    31 | D        | Found a glowing silver altar of Zin.
    31 | D        | Found a roughly hewn altar of Beogh.
    31 | D        | Found an iron altar of Okawaru.
    35 | D        | Found a stormy altar of Qazlal.
    36 | D        | Found an opulent altar of Gozag.
    38 | D        | Became a worshipper of Jiyva Jonomug the Shapeless
    50 | D        | Reached skill level 7 in Stealth
    50 | D        | Reached * piety under Jiyva
    50 | D        | Reached ** piety under Jiyva
    54 | D        | Reached *** piety under Jiyva
    57 | D        | Gained mutation: You expend magic power (3 MP) to strengthen your wands. [Jiyva's grace]
    57 | D        | Reached **** piety under Jiyva
    60 | D        | Lost mutation: You expend magic power (3 MP) to strengthen your wands. [Jiyva's grace]
    65 | D        | Reached ***** piety under Jiyva
    65 | D        | Gained mutation: You have a small jelly attached to you that may absorb incoming projectiles. [Jiyva's grace]
    67 | D        | Gained mutation: You are resistant to hostile enchantments. [Jiyva's grace]
    69 | D        | Gained mutation: You have sharp toenails. [Jiyva's grace]
    69 | D        | Reached ****** piety under Jiyva
    70 | D        | Gained mutation: Your rubbery body absorbs attacks (AC +1). [Jiyva's grace]
    72 | D        | Reached skill level 9 in Stealth
    72 | D        | Reached XP level 2. HP: 11/14 MP: 3/3
    73 | D        | Lost mutation: You have sharp toenails. [Jiyva's grace]
    81 | D        | Reached skill level 10 in Stealth
   218 | D        | Gained mutation: Armour fits poorly on your pseudopods. [Jiyva's grace]
   218 | D        | Gained mutation: You are partially covered in iridescent scales (AC +4). [Jiyva's grace]
   219 | D        | Gained mutation: You are clumsy. (Dex -2) [Jiyva's grace]
   224 | D        | Lost mutation: You are clumsy. (Dex -2) [Jiyva's grace]
   226 | D        | Gained mutation: You have large cloven feet. [Jiyva's grace]
   226 | D        | Gained mutation: You have a pair of small antennae on your head. [Jiyva's grace]
   227 | D        | Noticed a hound
   228 | D        | Noticed Grinder
   229 | D        | Lost mutation: You have large cloven feet. [Jiyva's grace]
   230 | D        | Noticed a quasit
   232 | D        | Gained mutation: You have a beak for a mouth. [Jiyva's grace]
   232 | D        | Lost mutation: You are partially covered in iridescent scales (AC +4). [Jiyva's grace]
   236 | D        | Gained mutation: Armour fits poorly on your large pseudopods. [Jiyva's grace]
   241 | D        | Killed a hound
   241 | D        | Reached skill level 12 in Stealth
   241 | D        | Reached XP level 3. HP: 18/18 MP: 4/4
   252 | D        | Killed a quasit
   252 | D        | Reached skill level 13 in Stealth
   252 | D        | Reached XP level 4. HP: 9/22 MP: 5/5
   260 | D        | Gained mutation: You are frail (-10% HP). [Jiyva's grace]
   276 | D        | Gained mutation: You have sharp toenails. [Jiyva's grace]
   277 | D        | Gained mutation: Your body is partially covered in golden eyeballs (Acc +3). [Jiyva's grace]
   278 | D        | Gained mutation: Your flesh is cold resistant. [Jiyva's grace]
   279 | D        | Gained mutation: You have acidic saliva. [Jiyva's grace]
   279 | D        | Lost mutation: You have a pair of small antennae on your head. [Jiyva's grace]
   281 | D        | Lost mutation: You are resistant to hostile enchantments. [Jiyva's grace]
   282 | D        | Noticed a gnoll sergeant
   287 | D        | Killed a gnoll sergeant
   287 | D        | Reached skill level 14 in Stealth
   288 | D        | Noticed Terence
   293 | D        | Reached skill level 15 in Stealth
   294 | D        | Killed Terence
   294 | D        | Reached XP level 5. HP: 15/22 MP: 6/6
   298 | D        | Killed Grinder
   298 | D        | Reached skill level 17 in Stealth
   308 | D        | Reached skill level 18 in Stealth
   327 | D        | Reached XP level 6. HP: 13/27 MP: 7/7
   331 | D        | Noticed a phantom
   333 | D        | Killed a phantom
   333 | D        | Reached skill level 19 in Stealth
   335 | D        | Noticed a guardian mummy
   337 | D        | Killed a guardian mummy
   337 | D        | Killed by a guardian mummy's death curse

Action                   |  1- 3 |  4- 6 || total
-------------------------+-------+-------++-------
Melee: Dagger            |    39 |     6 ||    45
 Stab: Sleeping          |     6 |     4 ||    10
